 Dungeon Crawl Stone Soup version 0.31-a0-1091-g283494c966 (webtiles) character file.

Game seed: 4155363146497005562

652 Dirtsage the Changeling (level 7, 0/47 HPs)
             Began as an Octopode Shapeshifter on Nov 28, 2023.
             Succumbed to Duvessa's poison
             ... on level 4 of the Dungeon.
             The game lasted 00:04:03 (2398 turns).

Dirtsage the Changeling (Octopode Shapeshifter)     Turns: 2398, Time: 00:04:04

Health: 0/47       AC:  1    Str: 16    XL:     7   Next: 54%
Magic:  7/7        EV: 13    Int: 12    God:
Gold:   230        SH:  0    Dex: 11    Spells: 6/6 levels left

rFire   . .          .
                       - Unarmed
rCold   . . .        (no shield)
rNeg    . . .        (helmet currently unavailable)
rPois   .            q - amulet of the acrobat
rElec   .            (no ring)
rCorr   .            (no ring)
SInv    .            (no ring)
Will    .....        (no ring)
Stlth   ++           (no ring)
HPRegen 0.27/turn    (no ring)
MPRegen 0.10/turn    (no ring)
                     (no ring)

%: acrobat
@: lethally poisoned (0 -> -16), beast-form, attractive
A: beast (slay +3), almost no armour, amphibious, 8 rings, camouflage 1,
gelatinous body 1, (nimble swimmer 1), tentacles
a: Begin Untransformation


You were on level 4 of the Dungeon.
You were a hulking beast.
You visited 1 branch of the dungeon, and saw 4 of its levels.

You collected 230 gold pieces.

Inventory:

Jewellery
 q - an amulet of the acrobat (around mantle)
Talismans
 b - a beast talisman
 c - a flux talisman
Wands
 m - a wand of flame (15)
 s - a wand of polymorph (7)
Scrolls
 d - a scroll of fear {unknown}
 h - 4 scrolls of identify {unknown}
 i - 2 scrolls of noise {unknown}
 j - 2 scrolls of teleportation {unknown}
 k - a scroll of immolation {unknown}
 l - a scroll of vulnerability {unknown}
 n - a scroll of enchant armour {unknown}
 o - a scroll of blinking {unknown}
Potions
 a - 2 potions of lignification
 e - a potion of attraction
 f - 2 potions of degeneration {unknown}
 g - a potion of curing {unknown}
 p - a potion of mutation {unknown}
 r - a potion of haste {unknown}


   Skills:
 + Level 3.9 Fighting
 - Level 2.0 Dodging
 + Level 5.0 Unarmed Combat
 * Level 5.9 Shapeshifting


You had 6 spell levels left.
You didn't know any spells.
Your spell library contained the following spells:

 Spells                   Type           Power      Damage    Failure   Level
 Ensorcelled Hibernation  Hex/Ice        0%         N/A       45%         2
 Jinxbite                 Hex            0%         N/A       45%         2
 Call Canine Familiar     Summ           0%         N/A       69%         3
 Sigil of Binding         Hex            0%         N/A       69%         3
 Anguish                  Hex/Necr       0%         N/A       97%         4
 Dimensional Bullseye     Hex/Tloc       0%         N/A       97%         4
 Leda's Liquefaction      Hex/Erth       0%         N/A       97%         4


Dungeon Overview and Level Annotations

Branches:
Dungeon (4/15)
 Temple: D:4-7

Altars:
Elyvilon
Nemelex Xobeh
Uskayaw
Xom
The Shining One

Annotations:
D:4 Dowan, Duvessa


Innate Abilities, Weirdness & Mutations

You are a hulking beast.
Your limbs bulge with bestial killing power. (Slay +3)
You cannot wear most types of armour.
You are amphibious.
You can wear up to eight rings at the same time.
Your skin changes colour to match your surroundings (Stealth+).
Your rubbery body absorbs attacks. (AC +1, EV +1)
((You are camouflaged when in or above water. (Stealth+)))
You have tentacles for arms and can constrict up to eight enemies at once.


Message History

Duvessa seems to speed up.
You bludgeon Duvessa! Your grab misses Duvessa. You squeeze Duvessa!
Duvessa is heavily wounded.
Duvessa hits you with a +1 rapier of venom!
You are poisoned.
You take 11 damage, and have 36/47 hp.
MASSIVE DAMAGE!!
You tentacle-slap Duvessa. You grab Duvessa.
Duvessa is heavily wounded.
You constrict Duvessa, but do no damage.
You feel very sick.
Duvessa hits you with a +1 rapier of venom!
Dowan's robes are whipped around by a magical breeze.
You take 13 damage, and have 23/47 hp.
MASSIVE DAMAGE!!
You tentacle-slap Duvessa.
Duvessa is severely wounded.
You constrict Duvessa, but do no damage.
You feel sick. Duvessa barely misses you. Dowan misses you.
You take 2 damage, and have 21/47 hp.
You tentacle-slap Dowan but do no damage.
Your grab misses Dowan. Your squeeze misses Dowan.
You constrict Duvessa, but do no damage.
You feel sick.
Duvessa hits you with a +1 rapier of venom!
* * * LOW HITPOINT WARNING * * *
You are lethally poisoned!
Duvessa misses you.
You take 10 damage, and have 11/47 hp.
MASSIVE DAMAGE!!
You bludgeon Duvessa! You squeeze Duvessa, but do no damage.
Duvessa is almost dead.
You constrict Duvessa, but do no damage.
* * * LOW HITPOINT WARNING * * *
You feel very sick. Dowan hits you with a +0 dagger.
* * * LOW HITPOINT WARNING * * *
Duvessa misses you.
You take 7 damage, and have 4/47 hp.
It was a potion of attraction.
You feel attractive to monsters.
You constrict Duvessa, but do no damage.
You die...

######### #.......#
#.....>.# ####
#.......####.....
#.......#ee..#
#........h####
#.........##...
..#............##
.o..........#...# ########
.##.........##.#####.......
#####$###.......#..[....<
#.# #.#......#......
#.####...>...........
#........####)....#.#


You could see Duvessa (fast) and Dowan.

Vanquished Creatures
  Grinder (D:3)
  Sigmund (D:3)
  Menkaure (D:4)
  A hound (D:4)
  A sleepcap (D:4)
  6 adders
  3 worms
  2 dart slugs
  An orc (D:3)
  2 bats (D:1)
  12 endoplasms
  A giant cockroach (D:1)
  5 hobgoblins
  4 jackals (D:2)
  2 quokkas
  7 ball pythons
  5 frilled lizards
  7 goblins
  9 kobolds
  3 rats
74 creatures vanquished.

Notes
Turn   | Place    | Note
-------+----------+-------------------------------------------
     0 | D:1      | Dirtsage the Octopode Shapeshifter began the quest for the
                  | Orb.
     0 | D:1      | Reached XP level 1. HP: 13/13 MP: 1/1
    37 | D:1      | Found a faded altar of an unknown god.
   134 | D:1      | Reached XP level 2. HP: 15/18 MP: 2/2
   654 | D:2      | Reached XP level 3. HP: 23/23 MP: 3/3
   813 | D:2      | HP: 1/24 [worm (10)]
  1049 | D:2      | Reached XP level 4. HP: 25/29 MP: 4/4
  1297 | D:2      | Found a white marble altar of Elyvilon.
  1297 | D:2      | Found a sparkling altar of Nemelex Xobeh.
  1297 | D:2      | Found a shimmering altar of Xom.
  1297 | D:2      | Found a glowing golden altar of the Shining One.
  1297 | D:2      | Found a hide-covered altar of Uskayaw.
  1297 | D:2      | Found a hide-covered altar of Uskayaw.
  1429 | D:3      | Noticed Sigmund
  1440 | D:3      | Killed Sigmund
  1441 | D:3      | Reached XP level 5. HP: 27/36 MP: 5/5
  1441 | D:3      | Reached XP level 6. HP: 30/41 MP: 6/6
  1787 | D:3      | Noticed Grinder
  1796 | D:3      | Killed Grinder
  1797 | D:3      | Reached skill level 5 in Shapeshifting
  1797 | D:3      | Reached XP level 7. HP: 39/46 MP: 7/7
  2068 | D:4      | Noticed Menkaure
  2074 | D:4      | Killed Menkaure
  2273 | D:4      | Reached skill level 5 in Unarmed Combat
  2388 | D:4      | Noticed Duvessa
  2388 | D:4      | Noticed Dowan
  2398 | D:4      | Succumbed to Duvessa's poison

Illustrated notes

Levels and vault maps discovered:
D:1:      dpeg_arrival_windows_large_door, layout_rooms,
          hellmonk_ecumenical_altar_pennies_from_heaven
D:2:      cheibrodos_fertilizer, layout_basic, minmay_cut_off
D:3:      layout_rooms, uniq_grinder, uniq_sigmund
D:4:      layout_rooms, uniq_duvessa, uniq_menkaure

Skill      XL: |  1  2  3  4  5  6  7 |
---------------+----------------------+-----
Fighting       | 2 3 |  3.9
Shapeshifting  | 4 5 |  5.9
Unarmed Combat | 4 5 |  5.0
Dodging        | |  2.0

Action                     |  1- 3 |  4- 6 |  7- 9 || total
---------------------------+-------+-------+-------++-------
  Melee: Unarmed           |    64 |    59 |    28 ||   151
         Constrict         |    14 |    13 |     5 ||    32
         Tentacles         |    11 |    12 |    10 ||    33
         Punch             |     3 |       |       ||     3
    Use: Potion            |       |       |     1 ||     1
   Stab: Sleeping          |     8 |       |     1 ||     9
 Armour: Skin              |    22 |    19 |    13 ||    54
  Dodge: Dodged            |    33 |    29 |    18 ||    80

Table legend: (Time is in decaauts)
 A = Elapsed time spent in this place.
 B = Non-inter-level travel time spent in this place.
 C = Inter-level travel time spent in this place.
 D = Time resting spent in this place.
 E = Time spent auto-exploring this place.
 F = Levels seen in this place.
 G = Mean time per level.
                   A        B        C        D        E       F      G
               +--------+--------+--------+--------+--------+-----+--------+
         Total |   2385 |   2338 |     47 |      0 |   1893 |   4 |  596.2 |
       Dungeon |   2385 |   2338 |     47 |      0 |   1893 |   4 |  596.2 |
               +--------+--------+--------+--------+--------+-----+--------+

Top non-repeatable levels by time:
     D:2: 908 daAuts
     D:3: 542 daAuts
     D:1: 486 daAuts
     D:4: 447 daAuts
